 Dungeon Crawl Stone Soup version 0.29-a0-1065-g47a6bb87d6 (webtiles) character file.

Game seed: 4391317103268572190

32 gelatine the Firebug (level 3, 0/24 HPs)
             Began as a Demonspawn Fire Elementalist on Aug 18, 2022.
             Slain by a gnoll
             ... wielding a +0 spear
              (10 damage)
             ... on level 2 of the Dungeon.
             The game lasted 00:02:48 (1212 turns).

gelatine the Firebug (Demonspawn Fire Elementalist) Turns: 1212, Time: 00:02:48

Health: 0/24       AC:  2    Str:  8    XL:     3   Next: 8%
Magic:  4/7        EV: 12    Int: 18    God:
Gold:   68         SH:  0    Dex: 13    Spells: 6/7 levels left

rFire   + . .      SeeInvis .   f - +1 short sword (vamp)
rCold   . . .      Faith    .   (no shield)
rNeg    . . .      Spirit   .   a - +0 robe
rPois   .          Reflect  .   (no helmet)
rElec   .          Harm     .   (no cloak)
rCorr   .          Rampage  .   (no gloves)
Will    .....                   (no boots)
Stlth   ++........              (no amulet)
HPRegen 0.08/turn               i - ring of protection from fire
MPRegen 0.10/turn               (no ring)

@: no status effects
A: claws 1, powered by death 1
a: no special abilities


You were on level 2 of the Dungeon.
You visited 1 branch of the dungeon, and saw 2 of its levels.

You collected 68 gold pieces.

Inventory:

Hand Weapons
 f - a +1 vampiric short sword (weapon)
Armour
 a - a +0 robe (worn)
Jewellery
 i - a ring of protection from fire (left claw)
Scrolls
 c - 2 scrolls of identify {unknown}
 d - a scroll of noise {unknown}
 e - a scroll of enchant weapon {unknown}
Potions
 b - 2 potions of magic
 g - a potion of brilliance {unknown}
 h - a potion of haste {unknown}


   Skills:
 + Level 1.8 Dodging
 + Level 2.0 Stealth
 + Level 2.7 Spellcasting
 + Level 1.1 Conjurations
 + Level 3.1 Fire Magic


You had 6 spell levels left.
You knew the following spells:

 Your Spells              Type           Power      Damage    Failure   Level
a - Foxfire               Conj/Fire      40%        2x1d6     7%          1

Your spell library contained the following spells:

 Spells                   Type           Power      Damage    Failure   Level
 Scorch                   Fire           26%        2d6       7%          2
 Conjure Flame            Conj/Fire      10%        6-21      21%         3
 Inner Flame              Hex/Fire       8%         N/A       26%         3
 Flame Wave               Conj/Fire      10%        2d6       56%         4


Dungeon Overview and Level Annotations

Branches:
Dungeon (2/15)

Altars:


Innate Abilities, Weirdness & Mutations

You have sharp fingernails.
You regenerate a little health from kills.


Message History

Found 8 gold pieces and a scroll labelled WIR TASAETS.
There is a stone staircase leading up here.
Magic restored.
You now have 68 gold pieces (gained 8).
c - 2 scrolls labelled WIR TASAETS (gained 1)
i - a ring of protection from fire A gnoll comes into view.
It is wielding a +0 spear.
The gnoll shouts!
You hear a shout!
A gnoll comes into view. It is wielding a +0 spear.
i - a ring of protection from fire (left hand)
You conjure some foxfire!
A hobgoblin comes into view.
Your foxfire dissipates!
The foxfire hits the gnoll.
The gnoll is lightly wounded.
You conjure some foxfire!
The foxfire hits the gnoll.
The gnoll is heavily wounded.
The foxfire hits the gnoll.
The gnoll is severely wounded.
You conjure some foxfire!
The gnoll hits you from afar with a +0 spear.
The foxfire hits the gnoll but does no damage.
The gnoll is severely wounded.
The foxfire hits the gnoll.
The gnoll is almost dead.
The gnoll hits you from afar with a +0 spear.
A gnoll comes into view. It is wielding a +0 halberd.
The gnoll shouts!
The gnoll misses you. The gnoll closely misses you.
You hit the gnoll.
You feel better.
You kill the gnoll!
The gnoll hits you from afar with a +0 spear.
You have reached level 3!
Your experience leads to an increase in your attributes!
Increase (S)trength, (I)ntelligence, or (D)exterity?
You feel clever. x2; Your demonic ancestry asserts itself...
Your fingernails lengthen.
The gnoll hits you with a +0 spear!
You die...

#.# #.....#
#.#.##...<.#
#.#.....#.##
#.#####.#.#
#.# #.#.#
#g# #.#.#
#g# #.#..
#g# #.###
#@# #.#
#.#####.#
#.......#
#########


You could see 2 gnolls and a hobgoblin.

Vanquished Creatures
  A gnoll (D:2)
  3 bats
  2 endoplasms (D:1)
  A giant cockroach (D:1)
  A hobgoblin (D:1)
  3 kobolds (D:1)
  2 quokkas (D:1)
  4 ball pythons (D:1)
  4 goblins (D:1)
  A rat (D:1)
22 creatures vanquished.

Vanquished Creatures (collateral kills)
  2 foxfires (D:1)
2 creatures vanquished.

Vanquished Creatures (others)
  70 foxfires
  A plant (D:1)
71 creatures vanquished.

Grand Total: 95 creatures vanquished

Notes
Turn   | Place    | Note
-------+----------+-------------------------------------------
     0 | D:1      | gelatine the Demonspawn Fire Elementalist began the quest
                  | for the Orb.
     0 | D:1      | Reached XP level 1. HP: 13/13 MP: 3/3
   296 | D:1      | Reached skill level 3 in Fire Magic
   320 | D:1      | Gained mutation: You regenerate a little health from kills.
                  | [demonic ancestry]
   320 | D:1      | Reached XP level 2. HP: 19/19 MP: 0/5
  1126 | D:2      | Found a faded altar of an unknown god.
  1212 | D:2      | Gained mutation: You have sharp fingernails. [demonic
                  | ancestry]
  1212 | D:2      | Reached XP level 3. HP: 10/24 MP: 4/7
  1212 | D:2      | Slain by a gnoll

Illustrated notes

Levels and vault maps discovered:
D:1:      denvon_arrival_planthouse, layout_loops_ring,
          dreamdust_mushroom_princess
D:2:      layout_basic, nicolae_ecumenical_oubliette

Skill      XL: |  1  2 |
---------------+-------+-----
Fire Magic     | 3 |  3.1
Stealth        | 2 |  2.0
Dodging        | |  1.8
Spellcasting   | |  2.7
Conjurations   | |  1.1

Action                   || total
-------------------------++-------
Melee: Unarmed           ||     1
       Short sword       ||    12
 Cast: Foxfire           ||    45
Armor: Robe              ||     2
Dodge: Dodged            ||     8

Table legend: (Time is in decaauts)
 A = Elapsed time spent in this place.
 B = Non-inter-level travel time spent in this place.
 C = Inter-level travel time spent in this place.
 D = Time resting spent in this place.
 E = Time spent auto-exploring this place.
 F = Levels seen in this place.
 G = Mean time per level.
                   A        B        C        D        E       F      G
               +--------+--------+--------+--------+--------+-----+--------+
         Total |   1211 |   1154 |     57 |      0 |    981 |   2 |  605.5 |
       Dungeon |   1211 |   1154 |     57 |      0 |    981 |   2 |  605.5 |
               +--------+--------+--------+--------+--------+-----+--------+

Top non-repeatable levels by time:
     D:1: 1143 daAuts
     D:2: 68 daAuts
